[Event "Titled Tuesday Blitz February 15 Late 2022"]
[White "Petrosyan, Manuel"]
[Black "Aradhya, Garg"]
[WhiteFideId "13300857"]
[BlackFideId "25006746"]
[WhiteElo "2592"]
[BlackElo "2169"]
[Result "0-1"]
[Round "05"]
[TimeControl "180+1"]
[Date "2022.02.15"]
[WhiteClock "0:00:06"]
[BlackClock "0:00:14"]

1. e4 e5 2. Nf3 Nc6 3. Bb5 a6 4. Ba4 Bc5 5. c3 Nf6 6. O-O d6 7. d4 Ba7 8. dxe5 Nxe4 9. Qe2 d5 10. Nbd2 Nc5 11. Bc2 O-O 12. Nb3 Bg4 13. Bf4 Bh5 14. Rad1 Nxb3 15. Bxb3 d4 16. h3 Re8 17. g4 Bg6 18. Rfe1 d3 19. Qf1 Na5 20. Bc2 Qd5 21. Nh4 Qxa2 22. Bxd3 Qxb2 23. Nxg6 hxg6 24. Bd2 Re6 25. Re2 Qa3 26. Rb1 Qe7 27. Qe1 Re8 28. Bf4 Bb6 29. Bg3 Nc6 30. Bc4 Nxe5 31. Bxe5 Rxe5 32. Rbb2 Kf8 33. Rxe5 Qxe5 34. Re2 Qg3+ 35. Kf1 Qxh3+ 36. Kg1 Qg3+ 37. Kf1 Qh3+ 38. Kg1 Qxg4+ 39. Kh1 Qh3+ 40. Kg1 Qg3+ 41. Kf1 Qh3+ 42. Kg1 Rxe2 43. Qxe2 Qxc3 44. Bd5 Qa1+ 45. Kg2 Qf6 46. Bxb7 Qg5+ 47. Kf1 a5 48. Bc6 Qe7 49. Qa6 Kg8 50. Qa8+ Qf8 51. Be4 Qxa8 52. Bxa8 Kf8 53. Bd5 Ke7 54. Ke2 a4 55. f3 a3 56. Kd3 f6 57. Ba2 Kd6 58. Ke4 Kc5 59. Bf7 Kb4 60. Kd3 g5 61. Be6 f5 62. Kc2 g6 63. Bf7 g4 64. fxg4 fxg4 65. Bxg6 g3 66. Be4 Bd4 67. Bd5 a2 0-1


[Site "https://www.chess.com"]

[Event "Titled Tuesday Blitz February 15 Late 2022"]
[White "Petrovic, Aleksa"]
[Black "Kostiukov, Alexandr"]
[WhiteFideId "967629"]
[BlackFideId "14108100"]
[WhiteElo "2139"]
[BlackElo "2202"]
[Result "1-0"]
[Round "05"]
[TimeControl "180+1"]
[Date "2022.02.16"]
[WhiteClock "0:00:34"]
[BlackClock "0:00:15"]

1. c4 c5 2. Nc3 Nf6 3. Nf3 g6 4. e4 Bg7 5. d4 cxd4 6. Nxd4 Nc6 7. Be2 Nxe4 8. Nxe4 Nxd4 9. O-O O-O 10. Be3 Nxe2+ 11. Qxe2 d6 12. Rfd1 Qc7 13. Rac1 b6 14. b4 Bb7 15. Nc3 Rac8 16. Nb5 Qb8 17. Bd4 Bxd4 18. Nxd4 e6 19. Qe3 a6 20. Rc3 d5 21. c5 e5 22. Qh6 f6 23. Nf5 gxf5 24. Rg3+ Kf7 25. Qxh7+ Ke6 26. Rg7 Rce8 27. Rxb7 Qc8 28. Rxb6+ 1-0


[Site "https://www.chess.com"]

[Event "Titled Tuesday Blitz February 15 Late 2022"]
[White "Pinheiro, Iung Alicio de O."]
[Black "Antolak, Julia"]
[WhiteFideId "2104350"]
[BlackFideId "1159569"]
[WhiteElo "2632"]
[BlackElo "2104"]
[Result "1-0"]
[Round "05"]
[TimeControl "180+1"]
[Date "2022.02.16"]
[WhiteClock "0:00:14"]
[BlackClock "0:00:03"]

1. e4 c5 2. Nf3 e6 3. c3 d5 4. exd5 Qxd5 5. d4 Nc6 6. Na3 Nf6 7. Be3 Ng4 8. Bg5 Be7 9. Nb5 Qd8 10. Bxe7 Qxe7 11. dxc5 Qxc5 12. Nc7+ Ke7 13. Qe2 Rb8 14. h3 Nge5 15. Nb5 Rd8 16. Nxe5 Nxe5 17. Qe4 Bd7 18. Nd4 Bc6 19. Qh4+ Kf8 20. O-O-O Kg8 21. Be2 Ng6 22. Qg3 Rbc8 23. Qe3 Bd5 24. Kb1 Qa5 25. Nb3 Qa4 26. Rd4 Qc6 27. Rhd1 Re8 28. f3 e5 29. Rxd5 Nf4 30. R5d2 Nxg2 31. Qf2 Nf4 32. Bf1 a6 33. Nc1 Qg6+ 34. Ka1 h6 35. Nd3 Nh5 36. Qg2 Qf6 37. Qe2 b5 38. Qe4 Ng3 39. Qg4 Nxf1 40. Rxf1 Rcd8 41. Rfd1 Qc6 42. Nf2 Rxd2 43. Rxd2 Qc5 44. Qe4 Rc8 45. a3 b4 46. axb4 Qc6 47. Qxc6 1-0


[Site "https://www.chess.com"]

[Event "Titled Tuesday Blitz February 15 Late 2022"]
[White "Pinto, Daniel"]
[Black "Freitag, Manfred"]
[WhiteFideId "3303144"]
[BlackFideId "1602004"]
[WhiteElo "1938"]
[BlackElo "2275"]
[Result "0-1"]
[Round "05"]
[TimeControl "180+1"]
[Date "2022.02.16"]
[WhiteClock "0:00:01"]
[BlackClock "0:01:41"]

1. e4 c6 2. d4 d5 3. e5 Bf5 4. h4 h5 5. Bd3 Bxd3 6. Qxd3 Qa5+ 7. Nc3 e6 8. Nf3 Qa6 9. Ke2 Ne7 10. b4 Qxd3+ 11. Kxd3 Nf5 12. Rb1 Nd7 13. Ne2 b5 14. Ng3 g6 15. c3 a5 16. a3 Nb6 17. Nxf5 gxf5 18. Nd2 Rg8 19. g3 f4 20. gxf4 Rg4 21. Nf3 Nc4 22. Rb3 axb4 23. axb4 Ra1 24. Kc2 Rg2 0-1


[Site "https://www.chess.com"]

[Event "Titled Tuesday Blitz February 15 Late 2022"]
[White "Prohorov, Olexandr"]
[Black "Lopez Idarraga, Daniel Eduardo"]
[WhiteFideId "14105578"]
[BlackFideId "4405501"]
[WhiteElo "1993"]
[BlackElo "1993"]
[Result "0-1"]
[Round "05"]
[TimeControl "180+1"]
[Date "2022.02.16"]
[WhiteClock "0:00:41"]
[BlackClock "0:00:20"]

1. e4 c5 2. c3 e6 3. d4 d5 4. exd5 exd5 5. Nf3 Nf6 6. Bb5+ Nc6 7. O-O c4 8. Re1+ Be7 9. b3 cxb3 10. axb3 O-O 11. h3 Bf5 12. Nbd2 h6 13. Nf1 Bh7 14. Ng3 a6 15. Bd3 Bxd3 16. Qxd3 Rc8 17. Nf5 Re8 18. Bf4 Bf8 19. Ne5 Nxe5 20. Bxe5 Ne4 21. c4 Nd6 22. c5 Nxf5 23. Qxf5 Rc6 24. Re3 Rce6 25. Rae1 g6 26. Qg4 Bg7 27. Bxg7 Rxe3 28. Rxe3 Kxg7 29. Rxe8 Qxe8 30. Qf4 Qe1+ 31. Kh2 a5 32. g4 Qe6 33. Kg2 b6 34. cxb6 Qxb6 35. Qe5+ Kh7 36. Qxd5 Kg7 37. h4 Qb4 38. Qc4 Qxc4 39. b4 Qxb4 0-1


[Site "https://www.chess.com"]

[Event "Titled Tuesday Blitz February 15 Late 2022"]
[White "Proudian, Armen"]
[Black "Antova, Gabriela"]
[WhiteFideId "2130734"]
[BlackFideId "2915235"]
[WhiteElo "2380"]
[BlackElo "2184"]
[Result "0-1"]
[Round "05"]
[TimeControl "180+1"]
[Date "2022.02.16"]
[WhiteClock "0:01:00"]
[BlackClock "0:00:06"]

1. e4 c5 2. Nf3 Nc6 3. d4 cxd4 4. Nxd4 e5 5. Nb5 d6 6. a4 Be6 7. N1c3 a6 8. Na3 Nf6 9. Bg5 Be7 10. Bxf6 Bxf6 11. Nd5 Bg5 12. Bc4 O-O 13. O-O Kh8 14. c3 Rc8 15. Qd3 f5 16. Rad1 fxe4 17. Qxe4 Bf5 18. Qe2 Qe8 19. Nb6 Rd8 20. Bd5 Qg6 21. Nac4 h5 22. f3 h4 23. Be4 Bf4 24. Bxf5 Rxf5 25. Qe4 Kh7 26. Rxd6 Rxd6 27. Nxd6 Rf6 28. Qxg6+ Kxg6 29. Nxb7 Be3+ 30. Kh1 Bxb6 31. b4 Rf7 32. Nd6 Rd7 33. Nc4 Bc7 34. b5 axb5 35. axb5 Na5 36. Nxa5 Bxa5 37. c4 Bb6 38. h3 Kf5 39. Kh2 Rd2 40. Re1 Rc2 41. Re4 g5 42. Re1 Bf2 43. Rb1 Bb6 44. Rb4 Rc1 45. c5 Bxc5 46. b6 Bg1+ 47. Kh1 Bxb6+ 48. Kh2 Bg1+ 49. Kh1 Bf2+ 50. Kh2 Bg3# 0-1


[Site "https://www.chess.com"]

[Event "Titled Tuesday Blitz February 15 Late 2022"]
[White "Przybylski, Wojciech"]
[Black "Goryachkina, Aleksandra"]
[WhiteFideId "1117599"]
[BlackFideId "4147103"]
[WhiteElo "2133"]
[BlackElo "2426"]
[Result "1/2-1/2"]
[Round "05"]
[TimeControl "180+1"]
[Date "2022.02.16"]
[WhiteClock "0:00:11"]
[BlackClock "0:00:08"]

1. e4 c5 2. Nf3 e6 3. b3 d5 4. exd5 exd5 5. d4 Nc6 6. Be2 Nf6 7. O-O Be7 8. Bb2 O-O 9. dxc5 Bxc5 10. a3 Bg4 11. h3 Bh5 12. Nbd2 Ne4 13. b4 Bb6 14. Nxe4 dxe4 15. Ne5 Bxe2 16. Qxe2 Nxe5 17. Bxe5 Qd5 18. Bb2 f5 19. c4 Qf7 20. Be5 Rae8 21. Bf4 h6 22. h4 Bc7 23. Bxc7 Qxc7 24. Rad1 f4 25. Rd4 f3 26. Qe3 Qc6 27. g3 Qe6 28. Kh2 Rf5 29. Rfd1 Kh7 30. c5 Rh5 31. Qf4 e3 32. Qxe3 Qxe3 33. fxe3 Rxe3 34. Rf1 Rxa3 35. Rf4 Rd5 36. R4xf3 Rd2+ 37. R3f2 Raa2 38. Rxd2 Rxd2+ 39. Kh3 Rd4 40. b5 Rb4 41. Ra1 Rxb5 42. Rxa7 Rxc5 43. Rxb7 Rd5 44. Rc7 Rd6 45. Rc5 Re6 46. Kg4 Rd6 47. h5 Re6 48. Kh4 Re4+ 49. g4 Re6 50. Rd5 Rf6 51. Rc5 Re6 52. Rd5 Rf6 53. Rc5 Re6 1/2-1/2


[Site "https://www.chess.com"]

[Event "Titled Tuesday Blitz February 15 Late 2022"]
[White "Qashashvili, Alexandre"]
[Black "Lopez Gracia, Fernando"]
[WhiteFideId "13600842"]
[BlackFideId "2207184"]
[WhiteElo "2316"]
[BlackElo "2429"]
[Result "0-1"]
[Round "05"]
[TimeControl "180+1"]
[Date "2022.02.16"]
[WhiteClock "0:00:01"]
[BlackClock "0:00:54"]

1. e4 e5 2. Nf3 Nc6 3. Nc3 Nf6 4. d4 exd4 5. Nxd4 Bb4 6. Nxc6 bxc6 7. Bd3 d5 8. exd5 O-O 9. O-O Bg4 10. Be2 Bxe2 11. Nxe2 cxd5 12. Bg5 Be7 13. Nd4 Qd7 14. Qd3 h6 15. Bh4 Qg4 16. Nf5 Bd8 17. h3 Qg6 18. c3 c6 19. Rfe1 Ne4 20. Bxd8 Qxf5 21. Bh4 Rfe8 22. f3 Nd6 23. Qxf5 Nxf5 24. Bf2 a5 25. a4 Rxe1+ 26. Rxe1 Rb8 27. Rb1 Rb3 28. Kf1 Nd6 29. Bg3 Nc4 30. Bc7 Rb7 31. Bf4 Rxb2 32. Rxb2 Nxb2 33. Bc7 Nc4 34. Ke2 Kf8 35. Kd3 c5 36. Bd8 Ke8 37. Bh4 Nb2+ 38. Kc2 Nxa4 39. Bf2 c4 40. Bd4 f6 41. Kb1 Kd7 42. Ka2 Kc6 43. Ka3 Nc5 44. h4 Ne6 45. Be3 Kb5 46. g4 g5 47. hxg5 hxg5 48. Kb2 Nc5 49. Ka3 Nd3 50. Bd4 Ne5 0-1


[Site "https://www.chess.com"]

[Event "Titled Tuesday Blitz February 15 Late 2022"]
[White "Quirke, Jeffrey"]
[Black "Papayan, Oleg"]
[WhiteFideId "2013029"]
[BlackFideId "4193911"]
[WhiteElo "2194"]
[BlackElo "2038"]
[Result "0-1"]
[Round "05"]
[TimeControl "180+1"]
[Date "2022.02.16"]
[WhiteClock "0:00:37"]
[BlackClock "0:00:31"]

1. c4 e5 2. Nc3 Bb4 3. g3 Bxc3 4. bxc3 Nc6 5. Bg2 d6 6. d3 Nge7 7. Nf3 O-O 8. O-O f6 9. e4 f5 10. exf5 Bxf5 11. Ne1 Qd7 12. Nc2 Bg4 13. Qd2 Bh3 14. Ne3 Bxg2 15. Kxg2 Rf7 16. Nd5 Raf8 17. Qe2 Nxd5 18. cxd5 Ne7 19. c4 Nf5 20. Bb2 b6 21. Rae1 Nh6 22. f3 Nf5 23. Qe4 Qd8 24. d4 exd4 25. Bxd4 Qg5 26. Bc3 Re7 27. f4 Rxe4 28. fxg5 Ne3+ 0-1


[Site "https://www.chess.com"]

[Event "Titled Tuesday Blitz February 15 Late 2022"]
[White "Rasulov, Vugar"]
[Black "Ibarra Jerez, Jose Carlos"]
[WhiteFideId "13402390"]
[BlackFideId "2226332"]
[WhiteElo "2560"]
[BlackElo "2626"]
[Result "1-0"]
[Round "05"]
[TimeControl "180+1"]
[Date "2022.02.15"]
[WhiteClock "0:00:28"]
[BlackClock "0:00:01"]

1. d4 Nf6 2. c4 c5 3. Nf3 cxd4 4. Nxd4 e5 5. Nb3 d5 6. cxd5 Qxd5 7. Bd2 Nc6 8. Nc3 Qd8 9. g3 Be6 10. Bg2 Be7 11. O-O O-O 12. Bg5 Rc8 13. Bxf6 Bxf6 14. Nc5 Qe7 15. Nxe6 Qxe6 16. e3 Rfd8 17. Qa4 a6 18. Rad1 g6 19. h4 Bg7 20. Rxd8+ Rxd8 21. Rd1 Rxd1+ 22. Qxd1 e4 23. Nxe4 Bxb2 24. Ng5 Qxa2 25. Qd7 Ne5 26. Qxb7 h6 27. Ne4 Qb1+ 28. Bf1 Nf3+ 29. Kg2 Ne1+ 30. Kh3 Nf3 31. Bg2 Ng1+ 32. Kh2 Ne2 33. Qxa6 Qg1+ 34. Kh3 Qd1 35. Nf6+ Bxf6 36. Qxf6 Qd7+ 37. Kh2 Qd1 38. h5 gxh5 39. Be4 Qg1+ 40. Kh3 Qf1+ 41. Kh4 Ng1 42. Qf5 Kg7 43. Qh7+ Kf8 44. Qxh6+ Ke7 45. Qg5+ Ke8 46. Qe5+ Kf8 47. Qf5 Ne2 48. Kxh5 Qg1 49. Kg5 Nxg3 50. Qc8+ Kg7 51. Qc3+ Kg8 52. fxg3 Qe1 53. Qxe1 1-0


[Site "https://www.chess.com"]

[Event "Titled Tuesday Blitz February 15 Late 2022"]
[White "Remizov, Yaroslav"]
[Black "Indjic, Aleksandar"]
[WhiteFideId "34134015"]
[BlackFideId "911925"]
[WhiteElo "2360"]
[BlackElo "2616"]
[Result "1-0"]
[Round "05"]
[TimeControl "180+1"]
[Date "2022.02.15"]
[WhiteClock "0:00:10"]
[BlackClock "0:00:11"]

1. e3 g6 2. a3 Bg7 3. c4 d6 4. Qc2 e5 5. Nf3 f5 6. b3 Nf6 7. Bb2 O-O 8. Be2 Qe7 9. Nc3 c6 10. d4 e4 11. Nd2 d5 12. O-O-O Be6 13. Kb1 Nbd7 14. h3 h5 15. Rc1 a6 16. f3 h4 17. Rhf1 b5 18. c5 Nh5 19. f4 Ng3 20. Rf2 Bh6 21. Nf1 g5 22. Nxg3 hxg3 23. Rff1 gxf4 24. exf4 Qh4 25. Qd2 Bf7 26. Qe3 Kh7 27. Rce1 Rg8 28. Bc1 Nf8 29. a4 Ne6 30. a5 Rad8 31. Na2 Nxd4 32. Qxd4 Bg7 33. Qd2 d4 34. Nb4 Qf6 35. Bd1 Rd7 36. Bb2 Rc8 37. Bc2 Qe7 38. Nd3 exd3 39. Bxd3 Qxc5 40. Re5 Bxe5 41. fxe5 Bg6 42. Rxf5 Qe7 43. Rh5+ Kg8 44. Bxg6 Qg7 45. Bh7+ Kf8 46. Bf5 c5 47. Rh7 Qxh7 48. Bxh7 Rxh7 49. b4 cxb4 50. Bxd4 Rc4 51. e6 Re7 52. Bc5 Rxc5 53. Qd8+ 1-0


[Site "https://www.chess.com"]

[Event "Titled Tuesday Blitz February 15 Late 2022"]
[White "Riehle, Marco"]
[Black "Suder, Jakub"]
[WhiteFideId "12904392"]
[BlackFideId "1195310"]
[WhiteElo "2462"]
[BlackElo "2058"]
[Result "1-0"]
[Round "05"]
[TimeControl "180+1"]
[Date "2022.02.16"]
[WhiteClock "0:00:14"]
[BlackClock "0:00:03"]

1. e4 c5 2. a3 e6 3. b4 cxb4 4. axb4 Bxb4 5. Bb2 Bf8 6. Nf3 d5 7. exd5 exd5 8. Bd3 Nf6 9. O-O Be7 10. Re1 O-O 11. h3 Nc6 12. Nc3 h6 13. Ne5 Nxe5 14. Rxe5 Be6 15. Qf3 Bd6 16. Re2 a6 17. Nd1 Re8 18. Ne3 Bf8 19. Rae1 Ne4 20. Bxe4 dxe4 21. Qxe4 Qd7 22. Qf3 a5 23. d4 Qb5 24. Ba1 Red8 25. Rd2 Bd5 26. Nxd5 Rxd5 27. Qe2 Qxe2 28. Rdxe2 b5 29. Kf1 a4 30. Rb1 Rc8 31. g3 f6 32. Rd2 Kf7 33. c3 Rd7 34. Rxb5 a3 35. Ke2 Rdc7 36. Kd3 Rc4 37. Re2 R8c7 38. g4 Ra4 39. f4 Bd6 40. f5 Bf4 41. Rb3 Bc1 42. Rc2 Bf4 43. Ra2 Bd6 44. Rc2 Rac4 45. h4 Kg8 46. h5 Kf7 47. Rb6 Bf8 48. Rb5 Be7 49. Re2 Bf8 50. Re6 Be7 51. Reb6 Rc8 52. Rb7 Ra4 53. Rd5 Re8 54. Rdd7 Ra6 55. c4 a2 56. c5 Ra3+ 57. Kc2 Rh3 58. c6 Rh2+ 59. Kb3 Rg2 60. c7 Ra8 61. Rxe7+ Kg8 62. Rxg7+ Kh8 63. Rh7+ Kg8 64. Rd7 Rg3+ 65. Kc4 Rg1 66. Rb8+ 1-0


[Site "https://www.chess.com"]

[Event "Titled Tuesday Blitz February 15 Late 2022"]
[White "Roque Sola, Jose Luis"]
[Black "Al Mukhaini, Shima"]
[WhiteFideId "5120390"]
[BlackFideId "22005854"]
[WhiteElo "1983"]
[BlackElo "2375"]
[Result "0-1"]
[Round "05"]
[TimeControl "180+1"]
[Date "2022.02.16"]
[WhiteClock "0:00:27"]
[BlackClock "0:01:39"]

1. c4 Nf6 2. Nc3 e6 3. e4 d5 4. e5 Ne4 5. cxd5 Nxc3 6. bxc3 exd5 7. Nf3 c5 8. d4 Nc6 9. Bb5 Qa5 10. Bxc6+ bxc6 11. Bd2 Ba6 12. c4 Qa3 13. cxd5 cxd5 14. Qb3 c4 15. Qxa3 Bxa3 16. Bc3 Rb8 17. O-O Kd7 18. Rab1 h6 19. Rfe1 Rb6 20. Rxb6 axb6 21. Rb1 Kc6 22. Nh4 Bc8 23. Bb4 Bxb4 24. Rxb4 Be6 25. Kf1 Ra8 26. a4 Bd7 27. Ke1 Kc7 28. Kd2 g5 29. Nf3 Bxa4 30. Kc3 Bb3 31. Nd2 Bd1 32. Nxc4 dxc4 33. Kxc4 Ra5 34. d5 Ra4 35. d6+ Kc6 36. Rxa4 Bxa4 37. g3 g4 38. Kd4 Bb3 39. Ke4 Be6 40. Kf4 b5 41. f3 h5 42. fxg4 hxg4 0-1


[Site "https://www.chess.com"]

[Event "Titled Tuesday Blitz February 15 Late 2022"]
[White "Rustemov, Alexander"]
[Black "Carreto Nieto, Giovanni"]
[WhiteFideId "4119002"]
[BlackFideId "5105030"]
[WhiteElo "2772"]
[BlackElo "2221"]
[Result "1-0"]
[Round "05"]
[TimeControl "180+1"]
[Date "2022.02.16"]
[WhiteClock "0:00:32"]
[BlackClock "0:00:09"]

1. d4 Nf6 2. c4 c5 3. d5 b5 4. Nf3 Bb7 5. Bg5 Ne4 6. Bh4 bxc4 7. Nc3 Qa5 8. Nd2 Nxc3 9. bxc3 Bxd5 10. e4 Be6 11. f4 g6 12. f5 gxf5 13. exf5 Bxf5 14. Qf3 Bg7 15. Qxf5 Bxc3 16. Rd1 Nc6 17. Bxc4 e6 18. Qf3 Rb8 19. Bf6 Bxd2+ 20. Ke2 Bc3 21. Bxc3 1-0


[Site "https://www.chess.com"]

[Event "Titled Tuesday Blitz February 15 Late 2022"]
[White "Sadhwani, Raunak"]
[Black "Lugovskoy, Maxim"]
[WhiteFideId "35093487"]
[BlackFideId "24126454"]
[WhiteElo "2616"]
[BlackElo "2444"]
[Result "0-1"]
[Round "05"]
[TimeControl "180+1"]
[Date "2022.02.15"]
[WhiteClock "0:00:11"]
[BlackClock "0:00:37"]

1. d4 d5 2. Nf3 e6 3. Bf4 Nf6 4. e3 Be7 5. Nbd2 O-O 6. h4 c5 7. c3 Nc6 8. h5 h6 9. Bd3 Bd6 10. Ne5 Bxe5 11. dxe5 Nd7 12. Nf3 Qc7 13. Bb1 Ndxe5 14. Nxe5 Nxe5 15. Qc2 f5 16. O-O b6 17. c4 Bb7 18. Qc3 Nf3+ 19. gxf3 Qf7 20. cxd5 Qxh5 21. Bg3 Bxd5 22. e4 Bb7 23. Kg2 f4 24. Bh2 Rf6 25. Kh1 Rd8 26. Bc2 Ba6 27. Rfe1 Rd3 28. Bxd3 Qxf3+ 29. Kg1 Rg6+ 30. Bg3 fxg3 0-1


[Site "https://www.chess.com"]

[Event "Titled Tuesday Blitz February 15 Late 2022"]
[White "Saim, Mohamed Ilias"]
[Black "Grave, Jacob Templen"]
[WhiteFideId "7900465"]
[BlackFideId "1542656"]
[WhiteElo "2006"]
[BlackElo "1737"]
[Result "0-1"]
[Round "05"]
[TimeControl "180+1"]
[Date "2022.02.16"]
[WhiteClock "0:00:07"]
[BlackClock "0:00:39"]

1. d4 g6 2. Nf3 Bg7 3. c4 d6 4. Bf4 Nd7 5. e4 e5 6. Be3 Ngf6 7. Nc3 O-O 8. Be2 Re8 9. Qc2 exd4 10. Nxd4 Nc5 11. f3 a5 12. O-O Ne6 13. Rad1 Nxd4 14. Bxd4 Be6 15. c5 dxc5 16. Bxc5 Qc8 17. Be3 c6 18. Na4 Nd7 19. Bc4 Bxc4 20. Qxc4 b5 21. Qd3 Ne5 22. Nb6 Nxd3 23. Nxc8 Nxb2 24. Rc1 Raxc8 25. Bb6 a4 26. f4 Rxe4 27. Rfe1 Rxf4 28. Re2 Nc4 29. Bc5 Bd4+ 30. Bxd4 Rxd4 31. Rce1 Rcd8 32. Kf2 Rd2 33. Rxd2 Rxd2+ 34. Kf1 Kg7 35. h3 Rd1 36. Rxd1 Ne3+ 37. Ke2 Nxd1 38. Kxd1 c5 39. Kd2 b4 40. Kc2 Kf6 41. Kd3 Ke5 42. Kc4 f5 43. g3 Ke4 44. h4 Kf3 45. Kxc5 b3 46. axb3 axb3 47. Kd6 b2 48. Kc5 b1=Q 49. Kd4 Qe4+ 50. Kc5 Kxg3 51. Kd6 f4 52. Kd7 f3 53. Kd6 f2 54. Kd7 f1=Q 55. Kd6 Qfd3+ 56. Kc5 Qec4+ 57. Kb6 Qdb3+ 58. Ka5 Qca4# 0-1


[Site "https://www.chess.com"]

[Event "Titled Tuesday Blitz February 15 Late 2022"]
[White "Sanal, Vahap"]
[Black "Nazaretyan, Tigran"]
[WhiteFideId "6300545"]
[BlackFideId "24162345"]
[WhiteElo "2603"]
[BlackElo "2192"]
[Result "1-0"]
[Round "05"]
[TimeControl "180+1"]
[Date "2022.02.15"]
[WhiteClock "0:00:51"]
[BlackClock "0:00:24"]

1. e4 c5 2. Nf3 Nc6 3. Nc3 d6 4. d4 cxd4 5. Nxd4 Nf6 6. Bg5 e6 7. Bb5 Bd7 8. Qd3 Qb6 9. O-O-O Nxd4 10. Qxd4 Qxd4 11. Rxd4 a6 12. Bxd7+ Nxd7 13. Rc4 h6 14. Be3 Nc5 15. Bxc5 b5 16. Rd4 dxc5 17. Rd3 Be7 18. e5 c4 19. Rdd1 O-O 20. Ne4 Rfd8 21. f4 Kf8 22. g3 f6 23. c3 a5 24. Kc2 b4 25. exf6 gxf6 26. Rxd8+ Rxd8 27. Nd2 Rc8 28. Re1 Kf7 29. Re4 h5 30. Rxc4 Rh8 31. Nf3 Rd8 32. Rc7 Rd5 33. c4 Rc5 34. Rxc5 Bxc5 35. Kb3 Kg6 36. Ka4 Bb6 37. Kb5 Bd8 38. Nd4 e5 39. Nc6 Bc7 40. Ne7+ Kf7 41. Nd5 exf4 42. Nxc7 fxg3 43. hxg3 f5 44. Nd5 Ke6 45. Nf4+ Ke5 46. Nxh5 Kd4 47. Kxa5 Kxc4 48. b3+ Kc3 49. Nf4 Kb2 50. Kxb4 Kxa2 51. Kc4 Kb2 52. b4 Kc2 53. b5 Kd2 54. b6 Ke3 55. b7 Kf3 56. Ne2 Kxe2 57. b8=Q Kf3 58. Qf4+ Kg2 59. Qxf5 Kxg3 60. Kd3 Kg2 61. Ke3 Kg3 62. Qg6+ Kh4 63. Kf3 1-0


[Site "https://www.chess.com"]

[Event "Titled Tuesday Blitz February 15 Late 2022"]
[White "Sargsyan, Anna M."]
[Black "Adury, Anant"]
[WhiteFideId "13308130"]
[BlackFideId "30964687"]
[WhiteElo "2271"]
[BlackElo "2352"]
[Result "1-0"]
[Round "05"]
[TimeControl "180+1"]
[Date "2022.02.16"]
[WhiteClock "0:02:42"]
[BlackClock "0:02:16"]

1. d4 Nf6 2. c4 c6 3. Nf3 d5 4. Nc3 e6 5. e3 Be7 6. Bd3 O-O 7. Qc2 dxc4 8. Bxc4 b5 9. Bd3 Bb7 10. e4 h6 11. Bf4 a6 12. O-O-O Nbd7 13. g4 Nxg4 14. Rhg1 f5 15. exf5 1-0


[Site "https://www.chess.com"]

[Event "Titled Tuesday Blitz February 15 Late 2022"]
[White "Sjugirov, Sanan"]
[Black "Matinian, Nikita"]
[WhiteFideId "4189302"]
[BlackFideId "24129100"]
[WhiteElo "2602"]
[BlackElo "2422"]
[Result "1-0"]
[Round "05"]
[TimeControl "180+1"]
[Date "2022.02.15"]
[WhiteClock "0:00:07"]
[BlackClock "0:00:04"]

1. e4 e5 2. Nf3 Nc6 3. Bc4 Bc5 4. d3 d6 5. c3 Nf6 6. O-O Bb6 7. a4 a5 8. Re1 O-O 9. Bg5 Be6 10. Nbd2 h6 11. Bh4 g5 12. Bg3 Kh8 13. Kh1 Nh5 14. Ng1 Nf4 15. Bxf4 exf4 16. d4 d5 17. exd5 Bxd5 18. f3 Qd7 19. Qb3 Rad8 20. Bxd5 Qxd5 21. Qxd5 Rxd5 22. Nc4 Kg7 23. Nh3 Nd8 24. Nf2 Ne6 25. Nd3 Ba7 26. Re5 Rfd8 27. Rxd5 Rxd5 28. Re1 c5 29. Re5 Rd8 30. d5 Bb8 31. dxe6 Rxd3 32. Re1 fxe6 33. Nxa5 b6 34. Nc4 Bc7 35. Kg1 Kf6 36. Kf2 h5 37. Ke2 Rd8 38. Rd1 Rc8 39. Rd7 g4 40. Rh7 Kg6 41. Re7 Kf6 42. Rh7 Kg6 43. Rd7 Kf6 44. Kd3 Bd8 45. Rh7 Kg6 46. Rd7 Ra8 47. b3 Kf5 48. Nd6+ Kg6 49. Ne4 Bh4 50. Rd6 Kf5 51. Rxb6 Be7 52. Rb7 Rd8+ 53. Kc4 Re8 54. a5 h4 55. h3 gxh3 56. gxh3 1-0


[Site "https://www.chess.com"]

[Event "Titled Tuesday Blitz February 15 Late 2022"]
[White "Tan, Jun Ying"]
[Black "Medeiros Jr, Francisco De Assis"]
[WhiteFideId "5710413"]
[BlackFideId "2114267"]
[WhiteElo "1827"]
[BlackElo "1998"]
[Result "1-0"]
[Round "05"]
[TimeControl "180+1"]
[Date "2022.02.16"]
[WhiteClock "0:00:24"]
[BlackClock "0:00:04"]

1. d4 d5 2. c4 e6 3. Nc3 a6 4. cxd5 exd5 5. Bf4 Nf6 6. e3 Bd6 7. Bg5 Be6 8. Bd3 O-O 9. Nge2 Nbd7 10. Qc2 h6 11. Bf4 Qe7 12. O-O Rfd8 13. Rae1 c5 14. Bxd6 Qxd6 15. dxc5 Nxc5 16. Nd4 Rac8 17. Rc1 Nce4 18. Qe2 Nxc3 19. Rxc3 Rxc3 20. bxc3 Qa3 21. Qd2 Rc8 22. Rc1 Ne4 23. Bxe4 dxe4 24. Nxe6 fxe6 25. h4 Rc5 26. c4 Qd3 27. Qb2 b5 28. cxb5 Qxb5 29. Qd2 Rxc1+ 30. Qxc1 Qd5 31. a3 Kh7 32. g3 Qd3 33. Qb2 Kg6 34. Qe5 Qd1+ 35. Kh2 Qd5 36. Qc7 Qf5 37. Kg1 Qf3 38. Qc6 Kf6 39. Qxa6 Qd1+ 40. Kh2 Qf3 41. Qf1 h5 42. Qg2 Qf5 43. a4 Ke5 44. a5 Kd6 45. a6 Kc7 46. Qf1 Kb6 47. Kg1 Ka7 48. Qa1 Qf3 49. Qa5 g6 50. Qb5 Qd1+ 51. Kh2 Qd7 52. Qxd7+ 1-0


[Site "https://www.chess.com"]

[Event "Titled Tuesday Blitz February 15 Late 2022"]
[White "Tanenbaum, Zachary"]
[Black "Reprintsev, Alexander"]
[WhiteFideId "2060850"]
[BlackFideId "14100541"]
[WhiteElo "2168"]
[BlackElo "2126"]
[Result "1/2-1/2"]
[Round "05"]
[TimeControl "180+1"]
[Date "2022.02.16"]
[WhiteClock "0:00:03"]
[BlackClock "0:00:07"]

1. e4 d5 2. exd5 Qxd5 3. Nc3 Qa5 4. d4 Nf6 5. Nf3 Nc6 6. Bd2 a6 7. Bc4 Qh5 8. Ne5 Bg4 9. Nxg4 Qxg4 10. Be3 e6 11. Qxg4 Nxg4 12. O-O-O O-O-O 13. d5 Na5 14. Bb3 Nxe3 15. fxe3 exd5 16. Bxd5 Bc5 17. Bxf7 Bxe3+ 18. Kb1 Kb8 19. Nd5 Rhf8 20. Nxe3 Rxd1+ 21. Rxd1 Rxf7 22. b3 Nc6 23. Rd2 Ne5 24. Kc1 c6 25. h3 Kc7 26. Kd1 Ng6 27. Ke1 Nh4 28. Rf2 Re7 29. Re2 Kd7 30. Kd2 Ke8 31. Kd3 b5 32. Rf2 Ng6 33. Nf5 Rd7+ 34. Kc3 c5 35. Re2+ Kf7 36. a3 Nf4 37. Rf2 Nd5+ 38. Kb2 Nf6 39. Ng3 Kg6 40. Nf5 Ne4 41. Rf4 Nf6 42. Ne3 h5 43. Rf5 Re7 44. Rf3 Re5 45. Rg3+ Kf7 46. Rf3 g5 47. Nf5 Kg6 48. Ne3 g4 49. hxg4 hxg4 50. Rxf6+ Kg5 51. Rxa6 Rxe3 52. Rb6 Rg3 53. Rxb5 Rxg2 54. Rxc5+ Kh4 55. a4 Rf2 56. a5 g3 57. Rc8 Rf5 58. Rh8+ Kg4 59. Rg8+ Rg5 60. Rxg5+ Kxg5 61. a6 g2 62. a7 g1=Q 63. a8=Q Qd4+ 64. Ka2 Qd1 65. Qa5+ Kg6 66. Qb6+ Kh7 67. Qc7+ Kg8 68. Kb2 Qd4+ 69. Qc3 Qd1 70. Qc4+ Kh8 71. b4 Qg1 72. Qc3+ Kg8 73. b5 Qb6 74. Qb3+ Kf8 75. Qb4+ Ke8 76. Kb3 Kd8 77. c4 Qe3+ 78. Qc3 Qc5 79. Qd3+ Kc8 80. Qd5 Qg1 81. Qc6+ Kb8 82. Kb4 Qe1+ 83. Kc5 Qe3+ 84. Kd5 Qf3+ 85. Kd4 Qf2+ 86. Ke5 Qg3+ 87. Ke6 Qg6+ 88. Ke7 Qg7+ 89. Kd8 Qg5+ 90. Kd7 Qg7+ 91. Kd6 Qg3+ 92. Kc5 Qf2+ 93. Kd5 Qf3+ 94. Kd6 Qf6+ 95. Kd7 Qf7+ 96. Kd8 Qg8+ 97. Qe8 Qxc4 98. Ke7+ Kb7 99. Qd7+ Kb6 100. Qd6+ Kxb5 101. Qd7+ Qc6 102. Qxc6+ Kxc6 1/2-1/2


[Site "https://www.chess.com"]